General information
- name: BNet
- type: Ladder team game (AT/RT)
- host: Battle.net
- saver: APoisonTree
map: DragonFalls
- players: 8
- length: 41:12
- speed: Fast
- version: 1.27 W3XP
- replay type: Public
» download(239 KB)
Players
team 1 (loser)

»
Chevy (
yellow | 64 APM | 1651 actions | 25:59)
6 Archmage
3 Summon Water Elemental
3 Brilliance Aura
3 Mountain King
2 Storm Bolt
1 Bash
1 Blood Mage
1 Siphon Mana
» actions
| Assign group hotkey | 39 | |
| Basic commands | 71 | |
| Build / train | 71 | |
| ESC pressed | 2 | |
| Enter build submenu | 31 | |
| Enter hero's abilities submenu | 11 | |
| Give item / drop item | 3 | |
| Remove unit from queue | 3 | |
| Right click | 552 | |
| Select / deselect | 367 | |
| Select group hotkey | 419 | |
| Use ability | 82 | |
1651 total
» units
| Peasant | 10 | |
| Footman | 5 | |
| Spell Breaker | 6 | |
| Priest | 4 | |
| Sorceress | 3 | |
| Rifleman | 2 | |
| Mortar Team | 8 | |
38 total
» upgrades
| Defend | 1 | |
| Plating | 2 | |
| Swords | 2 | |
| Lumber Harvesting | 1 | |
| Priest Training | 1 | |
| Long Rifles | 1 | |
| Sorceress Training | 1 | |
| Fragmentation Shards | 1 | |
10 total
» buildings
| Altar of Kings | 1 | |
| Farm | 14 | |
| Barracks | 1 | |
| Scout Tower | 1 | |
| Arcane Tower | 1 | |
| Arcane Vault | 1 | |
| Keep | 1 | |
| Blacksmith | 1 | |
| Castle | 2 | |
| Arcane Sanctum | 2 | |
| Lumber Mill | 1 | |
| Town Hall | 2 | |
| Workshop | 2 | |
30 total
» build order
00:29 Altar of Kings
00:42 Farm
01:09 Barracks
01:47 Farm
01:50 Scout Tower
02:15 Farm
02:18 Arcane Tower
02:30 Arcane Vault
03:09 Farm
03:34 Keep
04:06 Blacksmith
04:28 Farm
05:02 Farm
06:10 Castle
06:10 Castle
06:14 Arcane Sanctum
06:33 Lumber Mill
07:03 Arcane Sanctum
09:04 Farm
09:12 Farm
09:15 Farm
10:38 Farm
13:39 Town Hall
17:34 Workshop
17:35 Workshop
18:20 Farm
18:20 Farm
18:22 Farm
21:33 Farm
23:56 Town Hall
» items
| Scroll of Regeneration | 1 | |
| Lesser Clarity Potion | 1 | |
| Potion of Lesser Invulnerability | 1 | |
3 total
Spook (
green | 72 APM | 2949 actions | 41:11)
7 Blademaster
2 Wind Walk
3 Critical Strike
1 Bladestorm
1 Mirror Image
» actions
| Assign group hotkey | 62 | |
| Basic commands | 457 | |
| Build / train | 89 | |
| Enter build submenu | 52 | |
| Enter hero's abilities submenu | 8 | |
| Give item / drop item | 7 | |
| Remove unit from queue | 4 | |
| Right click | 970 | |
| Select / deselect | 530 | |
| Select group hotkey | 604 | |
| Use ability | 165 | |
2949 total
» units
| Peon | 10 | |
| Grunt | 4 | |
| Goblin Shredder | 1 | |
| Goblin Zeppelin | 3 | |
| Troll Batrider | 8 | |
| Green Dragon | 3 | |
| Goblin Sapper | 8 | |
| Wind Rider | 7 | |
44 total
» upgrades
| Ranged Weapons | 3 | |
| Armor | 3 | |
| Troll Regeneration | 1 | |
| Reinforced Defenses | 1 | |
| Liquid Fire | 1 | |
| Envenomed Spears | 1 | |
10 total
» buildings
| Orc Burrow | 5 | |
| Altar of Storms | 1 | |
| Barracks | 1 | |
| Voodoo Lounge | 3 | |
| Stronghold | 1 | |
| War Mill | 2 | |
| Great Hall | 4 | |
| Watch Tower | 28 | |
| Fortress | 1 | |
| Beastiary | 4 | |
50 total
» build order
00:09 Orc Burrow
00:56 Altar of Storms
00:58 Barracks
01:14 Orc Burrow
02:04 Voodoo Lounge
02:54 Stronghold
03:31 War Mill
04:35 Great Hall
04:51 Watch Tower
04:51 Watch Tower
04:58 Watch Tower
04:58 Watch Tower
05:33 Watch Tower
05:34 Watch Tower
06:40 Orc Burrow
08:41 Fortress
08:43 Beastiary
08:44 Beastiary
08:46 Beastiary
09:45 War Mill
14:45 Watch Tower
14:45 Watch Tower
14:46 Watch Tower
14:46 Watch Tower
14:49 Great Hall
15:13 Watch Tower
15:15 Watch Tower
15:17 Watch Tower
15:19 Watch Tower
16:00 Watch Tower
16:02 Watch Tower
16:03 Watch Tower
16:05 Watch Tower
16:07 Voodoo Lounge
16:09 Voodoo Lounge
16:43 Orc Burrow
18:58 Watch Tower
18:58 Watch Tower
18:59 Watch Tower
19:00 Watch Tower
19:07 Watch Tower
19:07 Watch Tower
21:25 Watch Tower
21:26 Watch Tower
21:26 Watch Tower
21:27 Watch Tower
21:29 Beastiary
27:54 Great Hall
29:14 Orc Burrow
31:47 Great Hall
» items
| Healing Salve | 6 | |
| Lesser Clarity Potion | 2 | |
| Potion of Healing | 4 | |
| Scroll of Town Portal | 2 | |
| Staff of Teleportation | 1 | |
| Periapt of Vitality | 1 | |
| Potion of Lesser Invulnerability | 2 | |
| Orb of Lightning | 1 | |
19 total

»
OooBooOooBooOoo (
orange | 35 APM | 1455 actions | 41:11)
2 Archmage
1 Summon Water Elemental
1 Blizzard
4 Dark Ranger
1 Black Arrow
2 Life Drain
1 Silence
3 Blood Mage
2 Flame Strike
1 Siphon Mana
3 Lich
2 Frost Nova
1 Frost Armor
3 Naga Sea Witch
1 Forked Lightning
1 Mana Shield
1 Frost Arrows
» actions
| Assign group hotkey | 16 | |
| Basic commands | 157 | |
| Build / train | 123 | |
| ESC pressed | 1 | |
| Enter build submenu | 46 | |
| Enter hero's abilities submenu | 15 | |
| Give item / drop item | 4 | |
| Remove unit from queue | 2 | |
| Right click | 535 | |
| Select / deselect | 376 | |
| Select group hotkey | 103 | |
| Use ability | 77 | |
1455 total
» units
| Acolyte | 8 | |
| Peasant | 8 | |
| Ghoul | 5 | |
| Crypt Fiend | 7 | |
| Footman | 4 | |
| Furbolg Shaman | 1 | |
| Knight | 14 | |
| Goblin Shredder | 2 | |
| Goblin Sapper | 1 | |
| Frost Wyrm | 7 | |
| Gargoyle | 4 | |
61 total
» upgrades
| Swords | 3 | |
| Creature Attack | 3 | |
| Creature Carapace | 3 | |
| Plating | 3 | |
| Masonry | 3 | |
| Animal War Training | 1 | |
| Burrow | 1 | |
| Web | 1 | |
| Freezing Breath | 1 | |
19 total
» buildings
| Altar of Kings | 1 | |
| Farm | 14 | |
| Crypt | 1 | |
| Altar of Darkness | 1 | |
| Graveyard | 1 | |
| Ziggurat | 8 | |
| Barracks | 2 | |
| Keep | 1 | |
| Blacksmith | 1 | |
| Halls of the Dead | 2 | |
| Necropolis | 3 | |
| Castle | 2 | |
| Arcane Vault | 1 | |
| Lumber Mill | 1 | |
| Black Citadel | 1 | |
| Sacrificial Pit | 1 | |
| Tomb of Relics | 2 | |
| Boneyard | 2 | |
| Spirit Tower | 2 | |
| Town Hall | 1 | |
48 total
» build order
00:39 Altar of Kings
00:47 Farm
00:56 Crypt
01:00 Altar of Darkness
01:03 Graveyard
01:07 Ziggurat
01:20 Ziggurat
01:30 Barracks
01:43 Farm
01:51 Ziggurat
02:38 Keep
02:50 Farm
02:54 Blacksmith
03:22 Barracks
03:46 Halls of the Dead
03:46 Halls of the Dead
03:53 Farm
04:37 Necropolis
04:51 Farm
05:12 Castle
05:12 Castle
05:25 Arcane Vault
05:30 Lumber Mill
06:49 Black Citadel
08:28 Ziggurat
08:30 Ziggurat
08:31 Ziggurat
08:33 Sacrificial Pit
08:37 Ziggurat
08:40 Tomb of Relics
08:51 Ziggurat
09:15 Farm
10:03 Farm
10:28 Boneyard
10:30 Boneyard
10:45 Farm
13:32 Farm
14:11 Farm
14:48 Farm
15:08 Tomb of Relics
15:10 Spirit Tower
15:32 Farm
16:25 Farm
17:44 Necropolis
19:13 Farm
20:38 Town Hall
23:49 Necropolis
» items
| Scroll of Regeneration | 3 | |
| Scroll of Town Portal | 2 | |
| Orb of Fire | 1 | |
| Orb of Corruption | 1 | |
| Scroll of Healing | 1 | |
8 total

»
ipoop4u (
teal | 0 APM | 0 actions | 00:03)
team 2 (winner)
z1.Dared (
red | 36 APM | 675 actions | 18:50)
3 Priestess of the Moon
1 Searing Arrows
2 Trueshot Aura
» actions
| Build / train | 55 | |
| Enter build submenu | 16 | |
| Enter hero's abilities submenu | 3 | |
| Remove unit from queue | 1 | |
| Right click | 313 | |
| Select / deselect | 262 | |
| Use ability | 25 | |
675 total
» units
| Wisp | 16 | |
| Archer | 13 | |
| Hippogryph | 9 | |
38 total
» upgrades
| Strength of the Wild | 0 | |
| Strength of the Moon | 3 | |
| Improved Bows | 1 | |
| Hippogryph Taming | 1 | |
| Marksmanship | 1 | |
| Moon Armor | 2 | |
8 total
» buildings
| Moon Well | 6 | |
| Altar of Elders | 1 | |
| Ancient of War | 2 | |
| Ancient of Wonders | 1 | |
| Hunter's Hall | 1 | |
| Tree of Ages | 1 | |
| Ancient of Wind | 2 | |
| Tree of Eternity | 1 | |
| Tree of Life | 1 | |
16 total
» build order
00:34 Moon Well
00:38 Altar of Elders
01:01 Ancient of War
02:13 Moon Well
02:16 Moon Well
02:20 Ancient of Wonders
03:15 Hunter's Hall
03:45 Tree of Ages
03:48 Moon Well
04:51 Ancient of War
05:34 Moon Well
06:12 Ancient of Wind
06:14 Ancient of Wind
09:43 Tree of Eternity
10:29 Moon Well
18:11 Tree of Life
» items
| Dust of Appearance | 1 | |
| Scroll of Town Portal | 1 | |
2 total
APoisonTree (
blue | 119 APM | 4917 actions | 41:12)
10 Warden
3 Fan of Knives
3 Blink
1 Spirit of Vengeance
3 Shadow Strike
» actions
| Assign group hotkey | 121 | |
| Basic commands | 126 | |
| Build / train | 170 | |
| ESC pressed | 5 | |
| Enter build submenu | 75 | |
| Enter hero's abilities submenu | 10 | |
| Give item / drop item | 4 | |
| Remove unit from queue | 9 | |
| Right click | 2032 | |
| Select / deselect | 774 | |
| Select group hotkey | 1274 | |
| Use ability | 317 | |
4917 total
» units
| Wisp | 51 | |
| Archer | 14 | |
| Goblin Shredder | 9 | |
| Goblin Zeppelin | 5 | |
| Dryad | 4 | |
| Chimaera | 8 | |
| Hippogryph | 4 | |
| Druid of the Talon | 1 | |
96 total
» upgrades
| Strength of the Moon | 3 | |
| Well Spring | 1 | |
| Strength of the Wild | 3 | |
| Nature's Blessing | 1 | |
| Reinforced Hides | 3 | |
| Improved Bows | 1 | |
| Marksmanship | 1 | |
| Moon Armor | 2 | |
| Corrosive Breath | 1 | |
| Ultravision | 1 | |
| Druid of the Claw Training | 2 | |
| Druid of the Talon Training | 2 | |
| Mark of the Claw | 1 | |
| Upgrade Moon Glaive | 1 | |
| Sentinel | 1 | |
| Vorpal Blades | 1 | |
| Abolish Magic | 1 | |
| Mark of the Talon | 1 | |
| Hippogryph Taming | 1 | |
| Hardened Skin | 1 | |
| Resistant Skin | 1 | |
| Backpack | 1 | |
31 total
» buildings
| Moon Well | 20 | |
| Altar of Elders | 1 | |
| Ancient of War | 1 | |
| Ancient of Wonders | 2 | |
| Tree of Life | 3 | |
| Tree of Ages | 4 | |
| Hunter's Hall | 1 | |
| Tree of Eternity | 2 | |
| Ancient Protector | 22 | |
| Ancient of Lore | 4 | |
| Ancient of Wind | 5 | |
| Chimaera Roost | 6 | |
71 total
» build order
00:08 Moon Well
00:09 Altar of Elders
00:46 Ancient of War
01:30 Moon Well
01:54 Moon Well
02:31 Ancient of Wonders
02:52 Moon Well
03:47 Moon Well
04:37 Tree of Life
04:52 Tree of Ages
04:53 Tree of Ages
05:14 Hunter's Hall
06:16 Moon Well
07:33 Tree of Eternity
07:33 Tree of Eternity
07:39 Ancient Protector
08:10 Ancient of Lore
08:13 Ancient of Lore
10:43 Ancient of Wind
11:55 Ancient Protector
11:56 Ancient Protector
11:57 Ancient Protector
12:52 Chimaera Roost
12:54 Chimaera Roost
13:25 Ancient Protector
13:27 Ancient Protector
14:15 Ancient of Wind
17:37 Moon Well
17:38 Moon Well
17:39 Moon Well
18:18 Moon Well
19:23 Tree of Ages
20:06 Chimaera Roost
20:07 Chimaera Roost
20:59 Moon Well
20:59 Moon Well
21:00 Moon Well
21:43 Ancient Protector
21:44 Ancient Protector
21:46 Ancient Protector
21:47 Ancient Protector
22:38 Ancient Protector
23:33 Ancient of Lore
23:34 Ancient of Lore
23:42 Tree of Life
24:40 Ancient Protector
24:42 Ancient Protector
25:46 Ancient Protector
25:47 Ancient Protector
25:48 Ancient Protector
26:30 Ancient Protector
26:46 Ancient Protector
27:00 Ancient Protector
27:13 Moon Well
28:21 Moon Well
28:52 Moon Well
29:34 Moon Well
29:46 Moon Well
31:28 Moon Well
31:30 Moon Well
31:34 Tree of Life
33:19 Ancient Protector
33:20 Ancient Protector
33:33 Ancient Protector
38:06 Ancient of Wonders
40:54 Ancient of Wind
40:55 Ancient of Wind
40:58 Ancient of Wind
41:07 Chimaera Roost
41:09 Chimaera Roost
» items
| Boots of Speed | 1 | |
| Staff of Preservation | 1 | |
| Periapt of Vitality | 1 | |
| Scroll of Town Portal | 2 | |
| Potion of Healing | 3 | |
8 total
idkmasson (
purple | 55 APM | 1169 actions | 21:05)
3 Priestess of the Moon
2 Trueshot Aura
1 Searing Arrows
» actions
| Assign group hotkey | 8 | |
| Basic commands | 15 | |
| Build / train | 66 | |
| ESC pressed | 2 | |
| Enter build submenu | 26 | |
| Enter hero's abilities submenu | 3 | |
| Remove unit from queue | 4 | |
| Right click | 540 | |
| Select / deselect | 329 | |
| Select group hotkey | 130 | |
| Use ability | 46 | |
1169 total
» units
| Wisp | 19 | |
| Archer | 10 | |
| Druid of the Talon | 7 | |
| Chimaera | 4 | |
40 total
» upgrades
| Strength of the Moon | 1 | |
| Strength of the Wild | 2 | |
| Reinforced Hides | 2 | |
| Moon Armor | 1 | |
| Improved Bows | 1 | |
| Druid of the Talon Training | 2 | |
| Marksmanship | 1 | |
| Corrosive Breath | 1 | |
11 total
» buildings
| Altar of Elders | 1 | |
| Moon Well | 11 | |
| Ancient of War | 3 | |
| Ancient of Wonders | 1 | |
| Hunter's Hall | 1 | |
| Tree of Ages | 1 | |
| Ancient Protector | 1 | |
| Tree of Eternity | 1 | |
| Ancient of Wind | 2 | |
| Chimaera Roost | 2 | |
24 total
» build order
00:10 Altar of Elders
00:15 Moon Well
01:11 Ancient of War
01:43 Ancient of Wonders
02:31 Hunter's Hall
02:45 Moon Well
02:53 Moon Well
05:23 Tree of Ages
06:09 Moon Well
06:23 Ancient Protector
08:27 Tree of Eternity
09:07 Ancient of Wind
09:56 Ancient of Wind
13:15 Chimaera Roost
13:49 Chimaera Roost
15:26 Moon Well
15:28 Moon Well
15:35 Moon Well
16:31 Moon Well
16:36 Moon Well
19:41 Moon Well
19:44 Moon Well
19:59 Ancient of War
20:25 Ancient of War
» items

»
poildecul1 (
pink | 40 APM | 1145 actions | 28:28)
4 Paladin
2 Holy Light
2 Devotion Aura
1 Mountain King
1 Storm Bolt
» actions
| Assign group hotkey | 9 | |
| Basic commands | 13 | |
| Build / train | 79 | |
| Enter build submenu | 38 | |
| Enter hero's abilities submenu | 5 | |
| Give item / drop item | 1 | |
| Right click | 560 | |
| Select / deselect | 322 | |
| Select group hotkey | 44 | |
| Use ability | 74 | |
1145 total
» units
| Peasant | 18 | |
| Rifleman | 11 | |
| Priest | 4 | |
| Sorceress | 1 | |
| Knight | 4 | |
38 total
» upgrades
| Armor | 2 | |
| Gunpowder | 1 | |
| Masonry | 3 | |
| Lumber Harvesting | 2 | |
| Priest Training | 2 | |
| Swords | 2 | |
12 total
» buildings
| Farm | 8 | |
| Altar of Kings | 1 | |
| Barracks | 1 | |
| Blacksmith | 1 | |
| Arcane Vault | 1 | |
| Keep | 1 | |
| Lumber Mill | 2 | |
| Town Hall | 1 | |
| Scout Tower | 22 | |
| Guard Tower | 16 | |
| Castle | 1 | |
| Arcane Sanctum | 1 | |
56 total
» build order
00:15 Farm
00:24 Altar of Kings
00:56 Barracks
01:20 Blacksmith
01:37 Farm
02:06 Farm
02:42 Farm
02:50 Arcane Vault
04:42 Keep
05:14 Farm
05:17 Farm
05:22 Lumber Mill
06:24 Lumber Mill
07:11 Town Hall
07:14 Scout Tower
07:35 Scout Tower
07:36 Guard Tower
07:39 Scout Tower
07:54 Castle
08:08 Scout Tower
08:10 Guard Tower
08:15 Guard Tower
09:20 Scout Tower
09:22 Guard Tower
09:25 Scout Tower
09:38 Arcane Sanctum
09:49 Scout Tower
09:53 Guard Tower
09:57 Guard Tower
10:25 Guard Tower
10:29 Scout Tower
11:45 Scout Tower
12:12 Scout Tower
12:59 Scout Tower
13:01 Scout Tower
13:08 Scout Tower
13:31 Guard Tower
13:31 Guard Tower
13:40 Scout Tower
13:41 Guard Tower
13:53 Scout Tower
13:57 Farm
14:20 Guard Tower
14:23 Farm
14:24 Guard Tower
14:29 Scout Tower
15:12 Guard Tower
15:17 Scout Tower
15:18 Scout Tower
15:22 Scout Tower
15:28 Scout Tower
15:53 Guard Tower
15:57 Guard Tower
16:00 Scout Tower
16:06 Scout Tower
17:26 Guard Tower
» items
| Scroll of Regeneration | 2 | |
| Potion of Healing | 2 | |
4 total
Chat log
(00:25 / All) Spook: but he said he'd poop for me
(00:36 / All) Chevy: i guess thats where he went =(
(00:50 / All) Spook: doesn't he play on the toilet like a decent person?
(00:56 / All) Chevy: another casualty of reckless shitting
(01:27 / All) Spook: DROP
(01:27 / All) Chevy: drop a fresh beat
(01:27 / All) Spook: DDDDRRROOOPPP
(01:36 / Allies) z1.Dared: holy fukin lag spike
(01:38 / All) Spook: drop nagger
(01:58 / All) Spook: dl your tranny porn and drop MUTHAFUCKA
(02:02 / All) z1.Dared: sorry had to cancel the download of your moms latest porn
(02:06 / All) Chevy: how did you know
(03:01 / All) Chevy: after watching so many tourneys on that chinese war3 client, this game looks weird
(03:55 / Allies) z1.Dared: what you going purple
(04:02 / Allies) idkmasson: ancient creeping
(04:18 / Allies) idkmasson: chims
(04:35 / Allies) z1.Dared: k ill go what about u blue
(04:39 / Allies) APoisonTree: dunno
(04:55 / Allies) z1.Dared: ill go hyppo riders
(06:20 / All) APoisonTree: OUT
(06:21 / All) APoisonTree: STOP LAGGING MY GAME
(06:23 / Allies) z1.Dared: jesus fukin christ
(08:50 / Allies) z1.Dared: orange
(13:51 / Allies) z1.Dared: use ur gold geez
(15:03 / Allies) poildecul1: 3300 gold lol
(15:37 / Allies) poildecul1: gold blue
(16:20 / Allies) poildecul1: blue give gold you have 4500
(16:20 / All) APoisonTree: shoo
(16:22 / Allies) APoisonTree: give wood
(16:29 / Allies) APoisonTree: I trade 1:1 gold for wood
(16:39 / Allies) poildecul1: ok play alone
(16:59 / All) Spook: not smart to bunch up like that LOL
(17:46 / All) z1.Dared: should of known there would be 1 pure cheese fag
(18:24 / All) APoisonTree: pink tk
(18:26 / Allies) z1.Dared: fukin pink
(18:38 / Allies) z1.Dared: terrible fukin noob
(27:10 / Allies) APoisonTree: noobie tker trash
(31:23 / All) Spook: DRAGONS ARE GREATER THAN WYRMS
(31:42 / All) Spook: NO GOLD FOR JOO
(33:00 / All) Spook: prevent my expo orange
(33:01 / All) APoisonTree: k
(33:02 / All) Spook: haha you can't
(33:05 / All) APoisonTree: oh
(33:12 / All) APoisonTree: thought you were pinging enemy building for a sec
(33:14 / All) Spook: he's a sitting duck now
(33:29 / All) Spook: BAD BOYS BAD BOYS
(33:31 / All) Spook: WATCHU GONNA DO
(33:33 / All) Spook: WATCHU GONNA DO
(33:36 / All) Spook: WHEN THEY COME FOR YOU
(34:42 / All) Spook: why pink tk lawl
(34:49 / All) APoisonTree: He was mad I wouldn't share gold
(34:52 / All) APoisonTree: I said I'd trade for lumber
(35:01 / All) Spook: what a homo
(36:48 / All) Spook: dunno why yellow woudln't stop hitting you
(36:58 / All) Spook: I was spamming attack top "they're easier" and just raped red
(37:00 / All) APoisonTree: It was annoying, didn't want to go over 50 food
(37:00 / All) Spook: and other 2 went top
(37:03 / All) Spook: what an idiot
(37:04 / All) APoisonTree: and wanted to chill
(37:08 / All) APoisonTree: and then pink came and tked me
(37:13 / All) APoisonTree: so I had two retards hitting my base to deal with
(37:24 / All) Spook: would have been much easier if not for pink and yellow being retards
(37:40 / All) APoisonTree: ne is hard to play when used to orc and human
(37:47 / All) APoisonTree: undead more brainless too
(37:53 / All) APoisonTree: archers take more micro and I kept losing them to creeps
(39:06 / All) APoisonTree: gonna alt tab
(40:43 / All) Spook: UNITED WE STAND
(40:45 / All) Spook: DIVIDED WE FALL
(40:56 / All) Spook: ORANGE DID NOT STAND UNITED WITH ME
(41:01 / All) Spook: AGAINST THE TERRORIST YELLOW
(41:04 / All) Spook: AND NOW HE MUST FALL!